 Dungeon Crawl Stone Soup version 0.29-a0-998-g1987434951 (webtiles) character file.

Game seed: 13797685746963951772

23 Spectrina the Magician (level 3, -5/26 HPs)
             Began as a Djinni Venom Mage on Aug 5, 2022.
             Frozen to death by an endoplasm (6 damage)
             ... on level 2 of the Dungeon.
             The game lasted 00:06:24 (483 turns).

Spectrina the Magician (Djinni Venom Mage)           Turns: 483, Time: 00:06:25

Health: -5/26      AC:  2    Str:  7    XL:     3   Next: 12%
Gold:   46         EV: 12    Int: 18    God:
                   SH:  0    Dex: 13

rFire   + + .      SeeInvis .   (no weapon)
rCold   x . .      Faith    .   (no shield)
rNeg    . . .      Spirit   .   a - +0 robe
rPois   ∞          Reflect  .   (no helmet)
rElec   .          Harm     .   (no cloak)
rCorr   .          Rampage  .   (no gloves)
Will    .....                   (boots unavailable)
Stlth   ++........              (no amulet)
HPRegen 0.08/turn               (no ring)
MPRegen 0.00/turn               (no ring)

@: about to teleport, flying
A: sickness immunity, fire resistance 2, cold vulnerability 1, float, innate
caster, HP casting, extra vitality 1
a: no special abilities


You were on level 2 of the Dungeon.
You visited 1 branch of the dungeon, and saw 2 of its levels.

You collected 46 gold pieces.

Inventory:

Armour
 a - a +0 robe (worn)
Scrolls
 b - a scroll of teleportation
 d - a scroll of fear {unknown}
 e - a scroll of blinking {unknown}
 f - a scroll of identify {unknown}


   Skills:
 + Level 0.9 Fighting
 - Level 2.1 Dodging
 + Level 1.9 Stealth
 * Level 2.7 Spellcasting
 + Level 0.9 Invocations


You couldn't memorise any spells.
You knew the following spells:

 Your Spells              Type           Power      Damage    Failure   Level
a - Sting                 Tmut/Pois      48%        1d5       5%          1
l - Mephitic Cloud        Conj/Pois/Air  12%        N/A       16%         3
p - Summon Small Mammal   Summ           48%        N/A       5%          1
q - Poisonous Vapours     Pois/Air       24%        N/A       9%          2
r - Olgreb's Toxic Radia  Pois           12%        N/A       47%         4
Your spell library was empty.

Dungeon Overview and Level Annotations

Branches:
Dungeon (2/15)

Altars:


Innate Abilities, Weirdness & Mutations

You are immune to sickness and miasma.
You are immune to poison.
Your flesh is very heat resistant. (rF++)
You are vulnerable to cold. (rC-)
You float through the air rather than walking.
You learn spells naturally, not from books.
Your magical power is your life essence.
You have superior vitality. (+4 MHP)


Message History

You kill the endoplasm!
Unknown command.
Found 7 gold pieces.
A hobgoblin comes into view.
Found 6 stones.
Unknown command.
Unknown command.
Casting: Sting (safe; 5% risk of failure)
Confirm with . or Enter, or press ? or * to list all spells.
Aiming: Sting (safe; 5% risk of failure)
Press: ? - help, Shift-Dir - straight line, f - endoplasm
Aim: an endoplasm (98% to hit)
The sting hits the endoplasm.
The endoplasm partially resists.
The endoplasm is lightly wounded.
* * * LOW HITPOINT WARNING * * *
The endoplasm misses you.
Casting: Sting (safe; 5% risk of failure)
Confirm with . or Enter, or press ? or * to list all spells.
Aiming: Poisonous Vapours (safe; 9% risk of failure)
Press: ? - help, Dir - move target, f/p - endoplasm
Aim: an endoplasm (lightly wounded)
Okay, then.
Unknown command.
Unknown command.
It was a potion of magic.
Magic washes over you without effect. The endoplasm freezes you.
You are frozen.
* * * LOW HITPOINT WARNING * * *
The quokka bites you.
* * * LOW HITPOINT WARNING * * *
Unknown command.
It was a potion of flight.
You feel more buoyant. The endoplasm barely misses you.
The quokka barely misses you.
As you read the scroll labelled EBOYMU HETE, it crumbles to dust.
You feel strangely unstable.
It was a scroll of teleportation.
The endoplasm freezes you.
You are frozen.
You feel a terrible chill!
You die...

#... #... #... #.#...
#.g... ## #.#... .... ##
...#.#... #... ...........
#.PP # . .##.P♣...# #
♣..♣♣# ..♣P#.♣♣..♣.#.
♣§♣...@♣♣♣..♣♣♣..♣PP[..
P.♣♣PP.rPJ...♣..♣PP..♣...
...§.♣.♣♣♣.♣♣.♣.♣..♣P♣..♣
.♣.♣....♣.♣P8.P.♣♣..♣♣♣.♣
♣ ♣..P†.PJ.....♣.PPP..♣♣
♣.$....♣♣r8.⌠.8...♣P.♣P..
♣..♣..♣P.......†.P..♣..♣♣
♣..♣♣P.♣.♣w..8P.P♣♣..♣.♣.♣
...♣.♣.rP.♣♣♣P.♣♣♣P.♣.....


You could see an endoplasm and a quokka.

Vanquished Creatures
  A dart slug (D:1)
  2 endoplasms (D:2)
  A giant cockroach (D:2)
  2 goblins (D:1)
  2 hobgoblins (D:1)
  3 jackals (D:2)
  2 quokkas (D:2)
  A ball python (D:1)
  2 bats (D:2)
  A frilled lizard (D:1)
  A kobold (D:1)
  A rat (D:2)
19 creatures vanquished.

Vanquished Creatures (others)
  10 plants (D:2)
10 creatures vanquished.

Grand Total: 29 creatures vanquished

Notes
Turn   | Place    | Note
-------+----------+-------------------------------------------
     0 | D:1      | Spectrina the Djinni Venom Mage began the quest for the
                  | Orb.
     0 | D:1      | Spectrina set off with the following spells memorised:
                  | Sting, Poisonous Vapours, Mephitic Cloud, Olgreb's Toxic
                  | Radiance.
     0 | D:1      | Reached XP level 1. HP: 15/15 MP: 0/0
    73 | D:2      | Reached XP level 2. HP: 14/22 MP: 0/0
   118 | D:1      | Found a faded altar of an unknown god.
   432 | D:2      | Reached XP level 3. HP: 8/26 MP: 0/0
   432 | D:2      | Learned a level 1 spell: Summon Small Mammal
   481 | D:2      | HP: 1/26 [quokka (2)]
   483 | D:2      | Frozen to death by an endoplasm

Illustrated notes

Levels and vault maps discovered:
D:1:      dpeg_arrival_shrine, layout_basic, shapermc_ecumenical_altar_pompeii,
          grunt_decor_resistance, minmay_tromino_i4
D:2:      wad_woods_tower, layout_basic, basic_altar

Action                   || total
-------------------------++-------
Melee: Unarmed           ||     3
 Cast: Sting             ||    25
       Poisonous Vapours ||     7
  Use: Potion            ||     2
       Scroll            ||     1
Armor: Robe              ||     1
Dodge: Dodged            ||     7

Table legend: (Time is in decaauts)
 A = Elapsed time spent in this place.
 B = Non-inter-level travel time spent in this place.
 C = Inter-level travel time spent in this place.
 D = Time resting spent in this place.
 E = Time spent auto-exploring this place.
 F = Levels seen in this place.
 G = Mean time per level.
                   A        B        C        D        E       F      G
               +--------+--------+--------+--------+--------+-----+--------+
         Total |    483 |    422 |     61 |      0 |      0 |   2 |  241.5 |
       Dungeon |    483 |    422 |     61 |      0 |      0 |   2 |  241.5 |
               +--------+--------+--------+--------+--------+-----+--------+

Top non-repeatable levels by time:
     D:1: 353 daAuts
     D:2: 129 daAuts
